 Dungeon Crawl Stone Soup version 0.29-a0-409-gd843f3a48c (webtiles) character file.

Game seed: 10822120783888027554

11 trckry the Caller (level 2, 0/13 HPs)
             Began as a Vine Stalker Summoner on May 13, 2022.
             Slain by a quokka (3 damage)
             ... on level 1 of the Dungeon.
             The game lasted 00:02:09 (539 turns).

trckry the Caller (Vine Stalker Summoner)            Turns: 539, Time: 00:02:09

Health: 0/13       AC:  2    Str: 10    XL:     2   Next: 29%
Magic:  0/6        EV: 12    Int: 15    God:
Gold:   24         SH:  0    Dex: 14    Spells: 2/5 levels left

rFire   . . .      SeeInvis .   (no weapon)
rCold   . . .      Faith    .   (no shield)
rNeg    . . .      Spirit   +   a - +0 robe
rPois   .          Reflect  .   (no helmet)
rElec   .          Harm     .   (no cloak)
rCorr   .          Rampage  .   (no gloves)
Will    .....                   (no boots)
Stlth   ++........              (no amulet)
HPRegen 0.04/turn               (no ring)
MPRegen 0.10/turn               (no ring)

@: no status effects
A: fangs 2, magic shield, antimagic bite, no potion heal 2
a: no special abilities


You were on level 1 of the Dungeon.
You visited 1 branch of the dungeon, and saw 1 of its levels.

You collected 24 gold pieces.

Inventory:

Armour
 a - a +0 robe (worn)
Scrolls
 c - 2 scrolls of teleportation {unknown}
 d - a scroll of immolation {unknown}
Potions
 b - a potion of magic
 e - a potion of might {unknown}


   Skills:
 - Level 1.5 Dodging
 - Level 2.4 Stealth
 - Level 2.1 Spellcasting
 * Level 4.5 Summonings


You had 2 spell levels left.
You knew the following spells:

 Your Spells              Type           Power      Damage    Failure   Level
a - Summon Small Mammal   Summ           60%        N/A       3%          1
b - Call Imp              Summ           15%        N/A       4%          2

Your spell library contained the following spells:

 Spells                   Type           Power      Damage    Failure   Level
 Call Canine Familiar     Summ           15%        N/A       10%         3
 Summon Guardian Golem    Hex/Summ       8%         N/A       26%         3
 Summon Lightning Spire   Summ/Air       8%         N/A       65%         4


Dungeon Overview and Level Annotations

Branches:
Dungeon (1/15)

Altars:


Innate Abilities, Weirdness & Mutations

You have extremely sharp teeth.
When hurt, damage is shared between your health and your magic reserves.
Your bite disrupts and absorbs the magic of your enemies.
Potions cannot restore your health.


Message History

A goblin is nearby!
Your quokka bites the goblin.
The goblin closely misses your quokka.
Your quokka closely misses the goblin.
Your quokka bites the goblin.
The goblin dies!
c - 2 scrolls labelled BURCHUY NUOMEMMO (gained 1)
A quokka comes into view.
The quokka bites your quokka.
Your quokka completely misses the quokka.
The quokka closely misses your quokka.
Your quokka bites the quokka.
The quokka closely misses your quokka.
Your quokka disappears in a puff of smoke!
A quokka comes into view.
Casting: Summon Small Mammal (safe; 3% risk of failure)
Confirm with . or Enter, or press ? or * to list all spells.
The quokka bites you.
You take 3 damage, and have 10/13 hp.
MASSIVE DAMAGE!!
You now have 4/6 mp.
You swap places.
The quokka attacks as you move away! The quokka bites you.
Your rat barely misses the quokka.
You take 3 damage, and have 7/13 hp.
MASSIVE DAMAGE!!
You now have 3/6 mp.
Casting: Summon Small Mammal (safe; 3% risk of failure)
Confirm with . or Enter, or press ? or * to list all spells.
The quokka bites you.
* * * LOW HITPOINT WARNING * * *
Your rat misses the quokka.
You take 4 damage, and have 3/13 hp.
MASSIVE DAMAGE!!
You now have 1/6 mp.
The quokka attacks as you move away! The quokka barely misses you.
The quokka bites your bat.
Your bat misses the quokka.
Your rat bites the quokka.
The quokka dies!
Your rat bites the quokka.
Your bat barely misses the quokka.
Your rat closely misses the quokka.
Casting: Summon Small Mammal (safe; 3% risk of failure)
Confirm with . or Enter, or press ? or * to list all spells.
Your rat disappears in a puff of smoke!
Your bat hits the quokka.
You now have 0/6 mp.
Your bat hits the quokka but does no damage.
Your rat barely misses the quokka.
The quokka bites you.
You die...

...........# #.
#..........# .
#..........# # #..........
# #########§........
#........§###..####
.#####.r.........#
#..rb.......#
#...@.......#
.#############.#####.#
.............r.......#
###############.##########
.......................
############.##########
#...### ##....######
#....##...#


You could see a quokka (ally target), a friendly bat (summoned) and a friendly
rat (summoned).

Vanquished Creatures (collateral kills)
  3 bats (D:1)
  An endoplasm (D:1)
  2 goblins (D:1)
  2 hobgoblins (D:1)
  A quokka (D:1)
  A rat (D:1)
10 creatures vanquished.

Notes
Turn   | Place    | Note
-------+----------+-------------------------------------------
     0 | D:1      | trckry the Vine Stalker Summoner began the quest for the
                  | Orb.
     0 | D:1      | Reached XP level 1. HP: 9/9 MP: 4/4
   462 | D:1      | Reached XP level 2. HP: 13/13 MP: 3/6
   497 | D:1      | Learned a level 2 spell: Call Imp
   539 | D:1      | Slain by a quokka

Illustrated notes

Levels and vault maps discovered:
D:1:      grunt_arrival_crossed_arrows, layout_basic

Action                   || total
-------------------------++-------
 Cast: Summon Small Mamm ||    19
Armor: Robe              ||     9
Dodge: Dodged            ||    20

Table legend: (Time is in decaauts)
 A = Elapsed time spent in this place.
 B = Non-inter-level travel time spent in this place.
 C = Inter-level travel time spent in this place.
 D = Time resting spent in this place.
 E = Time spent auto-exploring this place.
 F = Levels seen in this place.
 G = Mean time per level.
                   A        B        C        D        E       F      G
               +--------+--------+--------+--------+--------+-----+--------+
         Total |    539 |    539 |      0 |      0 |    364 |   1 |  539.0 |
       Dungeon |    539 |    539 |      0 |      0 |    364 |   1 |  539.0 |
               +--------+--------+--------+--------+--------+-----+--------+

Top non-repeatable levels by time:
     D:1: 539 daAuts
